Map: Apotheosis LE

Players

vTriple - Winner!

  • Race: Terran Terran
  • League: Diamond

Odveta

  • Race: Zerg Zerg
  • League: Diamond

VOD

Have the link to the VOD?

Description

Time

  • Played on: Oct. 26, 2016, 7:52 p.m.
  • Length: 15:07
Show
View Real Time Build Order
Export as new Build Order

vTriple Terran - Winner!

Build Orders: Reaper Expand, MMM Bio 

Get SALT Encoding   

  12  0:00  SCV  
  13  0:13  SCV  
  14  0:17  Supply Depot  
  14  0:25  SCV  
  15  0:39  SCV  
  15  0:40  Barracks  
  16  0:45  Refinery  
  16  0:51  SCV  
  17  1:03  SCV  
  18  1:15  SCV  
  19  1:28  Orbital Command  
  19  1:29  Reaper  
  20  1:43  Command Center, Unknown  
  20  1:53  Barracks  
  20  1:56  SCV  
  21  2:02  Barracks Reactor  
  21  2:06  Supply Depot  
  21  2:13  SCV  
  22  2:16  Refinery  
  22  2:25  SCV, Factory  
  23  2:37  SCV  
  24  2:48  Barracks Tech Lab  
  24  2:49  SCV, Marine  
  24  2:50  Marine  
  27  2:54  Unknown, Orbital Command  
  27  3:01  SCV  
  28  3:11  Marine x3  
  31  3:14  Stimpack  
  31  3:18  Starport  
  31  3:20  SCV  
  31  3:22  SCV  
  31  3:25  Factory Reactor  
  33  3:30  Marine x2  
  33  3:31  Marine  
  36  3:35  SCV  
  36  3:37  SCV  
  38  3:47  SCV  
  39  3:49  SCV  
  39  3:54  Marine  
  41  3:58  Supply Depot  
  41  3:59  SCV  
  41  4:00  Engineering Bay  
  41  4:01  Marine  
  41  4:02  Marine  
  42  4:11  Engineering Bay  
  42  4:12  Marine  
  42  4:15  Supply Depot  
  42  4:16  SCV x2  
  44  4:17  Supply Depot  
  44  4:26  Supply Depot  
  44  4:28  SCV  
  44  4:29  Terran Infantry Weapons Level 1  
  45  4:32  SCV  
  45  4:35  Medivac  
  48  4:40  Medivac  
  48  4:42  Marine  
  51  4:48  SCV, Terran Infantry Armor Level 1  
  51  4:49  SCV  
  53  4:55  Marine x2  
  55  5:00  SCV, Marine, Refinery  
  55  5:01  Refinery  
  55  5:03  Widow Mine  
  55  5:07  SCV  
  60  5:12  SCV  
  60  5:13  Marine  
  62  5:20  Combat Shields  
  62  5:21  SCV  
  63  5:22  Marauder, Marine  
  63  5:24  SCV  
  67  5:29  Medivac  
  67  5:31  Marine  
  67  5:33  SCV  
  67  5:35  Barracks  
  71  5:37  Barracks  
  71  5:38  Supply Depot  
  71  5:40  SCV, Supply Depot  
  72  5:44  Armory  
  72  5:45  SCV  
  72  5:47  Marine x2  
  72  5:49  Widow Mine  
  75  5:52  Marine  
  78  5:59  SCV  
  78  6:00  SCV  
  69  6:15  Marauder, Marine x2  
  73  6:20  SCV x2  
  73  6:23  Widow Mine  
  73  6:24  Command Center, Unknown  
  77  6:25  Barracks Reactor  
  77  6:26  Barracks Tech Lab  
  77  6:27  Medivac  
  79  6:34  Barracks  
  79  6:39  Terran Infantry Weapons Level 2  
  79  6:46  Marauder x2, Marine x2  
  85  6:49  SCV x2  
  85  6:52  Factory Reactor  
  87  6:58  Supply Depot  
  87  6:59  Supply Depot  
  87  7:06  Marine x4  
  87  7:07  Marauder  
  92  7:15  Marauder  
  92  7:16  Medivac  
  92  7:20  SCV x2, Medivac  
  98  7:24  Terran Infantry Armor Level 2, Marine x2  
  98  7:29  Barracks Tech Lab  
  100  7:33  SCV x2  
  100  7:36  Marauder, Unknown, Marine x2  
  108  7:51  Marauder x2, Marine x2  
  108  7:54  Marine x2  
  108  7:57  Marine, Widow Mine  
  117  8:09  Marine x2  
  117  8:12  Marine x2  
  120  8:13  Marauder  
  119  8:22  Marauder, Marine  
  119  8:27  Marine x2  
  110  8:29  Marine  
  110  8:30  Marine  
  114  8:34  Marauder  
  114  8:37  Orbital Command  
  114  8:38  SCV x2  
  114  8:40  Marine  
  114  8:41  Refinery  
  117  8:44  Marauder, Marine  
  117  8:45  Marine  
  117  8:46  Refinery  
  121  8:48  Widow Mine x2  
  121  8:49  Barracks x2  
  121  8:53  SCV  
  121  8:54  SCV  
  127  9:00  Supply Depot, Concussive Shells  
  127  9:04  Supply Depot  
  127  9:06  SCV x2  
  129  9:13  Marauder x2  
  133  9:21  SCV x2, Marauder, Marine x4  
  133  9:23  Supply Depot  
  141  9:25  Widow Mine x2  
  141  9:26  SCV  
  141  9:27  Terran Infantry Weapons Level 3  
  146  9:34  Marauder  
  146  9:35  SCV  
  149  9:44  Marine x4  
  149  9:45  SCV x2, Marauder  
  157  9:52  Barracks Reactor  
  157  9:54  Barracks Reactor  
  157  10:08  Widow Mine x2  
  157  10:10  Marauder  
  157  10:44  Marine x5  
  157  10:45  Marine x2  
  157  10:47  Marauder  
  157  10:49  Terran Infantry Armor Level 3  
  157  11:03  Marine x5  
  157  11:04  Marauder  
  157  11:17  Supply Depot  
  157  11:18  Marauder  
  157  11:20  Supply Depot  
  157  11:21  Supply Depot, Liberator  
  157  11:22  Supply Depot  
  157  11:24  Liberator  
  157  11:38  Marine x5  
  165  11:41  Marine x5  
  165  11:42  Widow Mine  
  165  11:43  Marauder  
  175  11:56  Marauder, Marine x4  
  175  11:59  Marauder, Marine x4  
  185  12:04  Marine  
  185  12:05  Unknown  
  186  12:13  Command Center, Unknown  
  186  12:14  Marine x3  
  189  12:21  Liberator  
  189  12:22  Marine x2, Liberator  
  189  12:23  Marine  
  189  12:24  Marine x2  
  189  12:34  Marine x2  
  189  12:36  Marauder, Marine x2  
  189  12:37  Marine  
  189  12:40  Marine x2  
  189  12:41  Marine  
  189  12:46  Marine  
  189  12:47  Marine  
  178  12:52  Marine x2  
  178  12:54  Marine x2  
  178  12:55  Marauder  
  178  12:57  Marauder, Marine  
  178  12:58  Marine  
  181  12:59  Marine  
  181  13:04  Marine  
  183  13:05  Marine  
  183  13:10  Marine x2  
  183  13:12  Marine x2  
  185  13:15  Marine  
  185  13:16  Marauder, Marine  
  185  13:18  Marine x2  
  184  13:21  Marine  
  184  13:23  Marine  
  184  13:25  Unknown  
  183  13:28  Marine x2  
  183  13:29  Marine x2  
  183  13:30  Planetary Fortress  
  183  13:33  Marine  
  186  13:34  Marine  
  186  13:36  Marine x2  
  186  13:37  Marine  
  186  13:39  Marine  
  186  13:41  Marine  
  188  13:45  Marine x2  
  188  13:47  Marine x2  
  190  13:51  Marine  
  190  13:52  Marine  
  190  13:54  Marine x3  
  195  13:57  Marine  
  195  13:59  Marine  
  180  14:03  Marine x2  
  180  14:05  Marine x2  
  180  14:09  Marine x2  
  179  14:12  Marine x3  
  179  14:15  Marine  
  179  14:17  Marine  
  176  14:21  Marine x2  
  176  14:23  Marine x2  
  178  14:27  Marine x2  
  178  14:29  Marine x2  
  178  14:30  Marine  
  170  14:33  Marine  
  170  14:34  Marine  
  162  14:39  Marine x2  
  162  14:41  Marine x2  
  162  14:44  Marine  
  162  14:45  Marine  
  162  14:47  Marine x2  
  162  14:48  Marine  
Show
View Real Time Build Order
Export as new Build Order

Odveta Zerg 

Build Orders: Hatch First 

Get SALT Encoding   

  12  0:01  Drone  
  13  0:09  Drone  
  14  0:17  Overlord  
  14  0:28  Extractor  
  14  0:29  Extractor, Drone x2  
  16  0:38  Drone  
  17  0:55  Unknown, Hatchery  
  16  0:59  Drone  
  16  1:03  Drone  
  18  1:06  Extractor  
  17  1:19  Spawning Pool  
  17  1:21  Drone  
  17  1:24  Drone  
  18  1:28  Drone  
  19  1:39  Overlord  
  19  2:06  Queen, Unknown  
  19  2:07  Metabolic Boost  
  21  2:08  Zergling x4  
  21  2:10  Queen  
  25  2:16  Drone  
  25  2:18  Drone  
  25  2:22  Drone  
  28  2:24  Drone  
  29  2:33  Drone x2  
  31  2:45  Drone  
  31  2:46  Drone  
  31  2:50  Drone  
  34  2:55  Drone  
  35  3:21  Drone  
  35  3:22  Overlord  
  36  3:28  Unknown, Hatchery  
  36  3:33  Overlord, Drone  
  36  3:40  Queen x2  
  40  3:51  Drone  
  40  3:52  Drone x3  
  40  3:53  Drone x2  
  46  4:00  Spore Crawler  
  46  4:11  Drone x6  
  50  4:27  Zergling x4  
  52  4:32  Baneling Nest  
  52  4:36  Evolution Chamber  
  52  4:37  Extractor  
  49  4:39  Extractor, Unknown  
  49  4:42  Drone x5  
  49  4:43  Drone x4  
  57  4:46  Drone  
  57  4:47  Overlord x2  
  58  5:02  Overlord x2  
  58  5:08  Zerg Ground Armor Level 1  
  58  5:11  Lair  
  58  5:12  Zergling x6  
  58  5:13  Zergling x10  
  66  5:14  Queen x2  
  66  5:20  Drone  
  71  5:25  Drone  
  72  5:34  Zergling x4  
  72  5:35  Zergling x4  
  76  5:36  Baneling x4  
  76  5:41  Drone  
  76  5:42  Drone  
  78  5:43  Spore Crawler  
  72  6:09  Queen  
  73  6:12  Queen x2  
  73  6:13  Spore Crawler x2  
  75  6:19  Spore Crawler  
  75  6:21  Baneling x5, Zergling x2  
  75  6:22  Zergling x12  
  75  6:23  Zergling x6  
  84  6:40  Drone x3  
  84  6:41  Drone x3  
  90  6:47  Extractor  
  89  6:55  Infestation Pit  
  89  6:56  Centrifical Hooks  
  89  6:58  Zergling x4  
  89  7:00  Overlord x6  
  90  7:02  Unknown, Hatchery  
  90  7:03  Zerg Melee Weapons Level 1  
  89  7:17  Queen x2  
  89  7:21  Drone  
  89  7:22  Drone x2  
  96  7:24  Drone  
  96  7:28  Extractor  
  96  7:29  Extractor  
  95  7:30  Overseer  
  95  7:38  Unknown, Hatchery  
  94  7:48  Drone x2  
  94  7:49  Drone x3  
  99  7:53  Queen  
  99  7:56  Queen x2  
  88  8:33  Hive  
  88  8:34  Queen x2  
  88  8:38  Zergling x22  
  103  8:49  Unknown  
  103  8:53  Queen  
  105  8:56  Drone x3  
  105  8:57  Drone x2  
  105  9:00  Zerg Ground Armor Level 2  
  110  9:14  Spore Crawler x3  
  110  9:16  Overlord  
  110  9:17  Overlord x4  
  107  9:24  Unknown, Hatchery  
  107  9:25  Overlord  
  107  9:26  Overlord x2  
  107  9:29  Baneling x3  
  107  9:30  Baneling x21  
  106  9:36  Evolution Chamber  
  105  9:38  Extractor  
  105  9:43  Extractor  
  105  9:45  Ultralisk Cavern  
  102  9:47  Zergling x2  
  102  9:48  Zergling x24  
  106  10:14  Unknown, Hatchery  
  100  10:21  Spire  
  100  10:24  Overlord x5  
  94  10:32  Ultralisk x8  
  139  10:36  Unknown  
  139  10:38  Zerg Melee Weapons Level 2  
  121  11:25  Unknown, Drone x2  
  123  11:26  Drone x2  
  123  11:27  Drone  
  126  11:46  Corruptor x8  
  127  11:53  Unknown, Hatchery  
  140  12:02  Unknown, Hatchery  
  136  12:28  Corruptor x2, Ultralisk x2  
  139  12:45  Spawning Pool  
  106  12:54  Ultralisk  
  111  13:05  Unknown, Hatchery  
  109  13:40  Ultralisk x2, Zergling x4  
  109  13:41  Zergling x26  
  124  14:07  Ultralisk  
  124  14:08  Zergling x6  
  97  14:39  Zergling x2  
  97  14:40  Zergling x10  
Tags
 
Add a new tag
Caveats
  • Supply blocks, unpowered buildings, or Contaminate may cause inaccurate times.
  • Supply counts are checked every 10 seconds.